AoeStats
← Kanto

African Clearing

510363961Analyzed
4v4 RM · 1d ago on Sep 30, 2026· 91m 45s· 8 players
Game mode
Random Map
Map size
Large (8 player)
Population
200
Speed
Normal
Resources
Standard
Victory
Conquest
Starting age
Dark Age
Ending age
Imperial Age
RankedLock teamsTeams togetherTeam positionsShared explorationLock speedFull tech treeHidden civsTurbo modeCheats
Victory
Defeat
🇦🇺 Berbers · Australia
1095
+12
🇵🇪 Mongols · Peru
1055
+14
🇹🇼 Franks · Taiwan
972
+17
🇮🇳 Varangians · India
964
+17
🇳🇱 Shu · Netherlands
1020
-16
🇳🇱 Japanese · Netherlands
1014
-16
🇮🇳 Britons · India
1000
-45
🇹🇷 Celts · Türkiye
958
-13
gvvugts93
15:36 Loom
20:32 Feudal Age
21:01 Man-at-Arms
23:18 Double-Bit Axe
25:24 Horse Collar
30:02 Padded Archer Armor
31:33 Fletching
33:50 Castle Age
52:36 Wheelbarrow
51:49 Town Watch
54:00 Hand Cart
54:56 Yasama
55:04 Stone Mining
55:06 Gold Mining
55:27 Heavy Plow
55:41 Bow Saw
55:55 Treadmill Crane
58:05 Squires
57:51 Arson
57:29 Pikeman
62:32 Imperial Age
60:59 Scale Mail Armor
61:09 Forging
60:55 Bodkin Arrow
62:43 Elite Samurai
62:46 Halberdier
64:19 Hoardings
64:05 Conscription
64:27 Iron Casting
64:05 Masonry
66:34 Two-Man Saw
67:01 Blast Furnace
68:55 Gold Shaft Mining
70:03 Chemistry
69:25 Ballistics
69:46 Guard Tower
71:29 Arrowslits
72:05 Town Patrol
72:12 Yasama
72:51 Keep
76:51 Chain Mail Armor
76:36 Bracer
77:27 Murder Holes
83:02 Fortified Wall
Xion574
5:20 Loom
15:55 Feudal Age
19:45 Castle Age
17:48 Double-Bit Axe
17:46 Horse Collar
19:00 Gold Mining
21:34 Bow Saw
22:31 Fletching
22:43 Padded Archer Armor
23:40 Wheelbarrow
24:08 Gold Shaft Mining
26:04 Hand Cart
28:02 Thumb Ring
27:19 Crossbowman
28:19 Leather Archer Armor
27:59 Bodkin Arrow
36:55 Imperial Age
35:14 Coinage
37:21 Scale Mail Armor
37:31 Forging
38:39 Conscription
38:24 Coiled Serpent Array
38:47 Guilds
39:12 Banking
40:01 Two-Man Saw
39:03 Heavy Plow
38:47 Elite White Feather Guard
40:05 Ballistics
39:27 Treadmill Crane
40:10 Ballistics
40:51 Chemistry
40:08 Arbalester
40:47 Stone Mining
41:12 Bracer
41:43 Ring Archer Armor
41:44 Town Watch
43:17 Siege Engineers
43:31 Guard Tower
46:28 Town Patrol
47:08 Bolt Magazine
47:45 Hoardings
47:40 Chain Mail Armor
53:47 Plate Mail Armor
59:27 Scale Barding Armor
60:08 Light Cavalry
60:50 Husbandry
61:25 Heavy Hei Guang Cavalry
62:38 Chain Barding Armor
65:23 Plate Barding Armor
69:01 Elite Skirmisher
Kanto
6:02 Loom
14:47 Feudal Age
17:17 Double-Bit Axe
19:11 Fletching
24:23 Castle Age
25:04 Bodkin Arrow
30:40 Town Watch
34:25 Horse Collar
36:34 Bow Saw
37:23 Padded Archer Armor
39:08 Wheelbarrow
39:41 Ballistics
40:41 Hand Cart
43:32 Gold Mining
43:32 Stone Mining
46:26 Imperial Age
45:22 Murder Holes
45:37 Masonry
48:47 Bracer
49:03 Leather Archer Armor
50:27 Chemistry
49:58 Architecture
49:09 Treadmill Crane
50:20 Conscription
52:09 Heavy Plow
53:23 Yeomen
54:06 Ring Archer Armor
54:02 Scale Barding Armor
54:26 Light Cavalry
55:08 Husbandry
56:10 Hoardings
56:07 Chain Barding Armor
57:48 Plate Barding Armor
57:23 Forging
56:49 Elite Longbowman
58:00 Siege Engineers
60:13 Iron Casting
62:16 Two-Man Saw
65:18 Scale Mail Armor
66:18 Blast Furnace
65:21 Pikeman
65:47 Gambesons
66:02 Squires
65:37 Sappers
67:03 Chain Mail Armor
66:51 Arson
66:27 Halberdier
69:39 Plate Mail Armor
69:51 Gold Shaft Mining
74:12 Man-at-Arms
`TryAki
4:07 Loom
17:24 Feudal Age
19:27 Double-Bit Axe
19:25 Horse Collar
21:56 Arson
27:05 Castle Age
24:36 Man-at-Arms
asaenzb16_1
8:58 Loom
16:56 Feudal Age
21:14 Castle Age
19:32 Double-Bit Axe
20:23 Fletching
20:35 Padded Archer Armor
22:11 Bodkin Arrow
24:28 Leather Archer Armor
30:47 Thumb Ring
32:35 Horse Collar
34:32 Wheelbarrow
34:09 Bow Saw
36:37 Hand Cart
40:51 Town Watch
43:51 Imperial Age
42:03 Gold Mining
42:06 Stone Mining
42:59 Ballistics
44:56 Conscription
43:58 Elite Mangudai
44:18 Onager
46:11 Chemistry
45:29 Heavy Plow
46:38 Drill
47:57 Siege Onager
50:51 Capped Ram
53:04 Caravan
55:57 Bracer
56:04 Scale Barding Armor
57:26 Siege Engineers
57:33 Masonry
73:03 Light Cavalry
73:52 Husbandry
74:58 Bloodlines
75:39 Forging
78:39 Gold Shaft Mining
78:00 Hussar
80:12 Chain Barding Armor
80:29 Iron Casting
83:07 Blast Furnace
81:45 Heavy Scorpion
89:54 Siege Ram
Keanoob Reeves
4:28 Loom
12:58 Feudal Age
20:50 Fletching
28:35 Castle Age
36:07 Horse Collar
38:51 Heavy Plow
38:39 Double-Bit Axe
39:02 Bodkin Arrow
40:40 Bow Saw
42:56 Padded Archer Armor
44:51 Wheelbarrow
45:11 Ballistics
45:32 Leather Archer Armor
45:08 Light Cavalry
45:58 Bloodlines
45:48 Husbandry
46:40 Gold Mining
46:40 Stone Mining
49:56 Imperial Age
48:25 Bloodlines
49:43 Scale Barding Armor
49:49 Forging
51:58 Chain Barding Armor
51:19 Cavalier
53:31 Iron Casting
52:33 Hussar
54:36 Plate Barding Armor
53:24 Elite Camel Archer
54:05 Maghrebi Camels
54:08 Bracer
54:38 Ring Archer Armor
55:40 Blast Furnace
55:33 Kasbah
55:54 Conscription
57:59 Ring Archer Armor
57:30 Scale Mail Armor
58:24 Hand Cart
59:35 Crop Rotation
61:21 Chain Mail Armor
62:15 Chemistry
61:21 Siege Engineers
67:10 Plate Mail Armor
86:11 Murder Holes
YJHAN
3:48 Loom
19:17 Feudal Age
19:44 Man-at-Arms
20:11 Arson
21:01 Town Watch
31:13 Castle Age
31:14 Double-Bit Axe
33:15 Husbandry
34:02 Bow Saw
38:59 Forging
38:55 Scale Barding Armor
38:42 Fletching
40:49 Wheelbarrow
46:18 Imperial Age
44:20 Gold Mining
44:20 Stone Mining
44:49 Treadmill Crane
46:03 Hand Cart
46:37 Cavalier
48:01 Iron Casting
51:11 Blast Furnace
50:58 Chain Barding Armor
51:47 Town Patrol
52:28 Gold Shaft Mining
54:46 Chemistry
53:34 Arrowslits
58:16 Caravan
58:02 Paladin
61:37 Plate Barding Armor
60:59 Bodkin Arrow
63:26 Conscription
63:42 Hoardings
73:02 Siege Engineers
73:08 Masonry
73:09 Fortified Wall
73:20 Ballistics
72:45 Arrowslits
72:57 Murder Holes
72:52 Guard Tower
73:14 Capped Ram
76:55 Light Cavalry
82:32 Padded Archer Armor
82:33 Scale Mail Armor
84:00 Chivalry
83:44 Elite Throwing Axeman
84:18 Ordonnance Companies
92:24 Architecture
92:05 Careening
92:02 Siphons
92:07 Clinker Construction
findsarfaraz
5:54 Loom
17:33 Feudal Age
18:34 Double-Bit Axe
24:45 Castle Age
23:54 Stone Mining
24:47 Forging
24:43 Scale Barding Armor
26:55 Iron Casting
26:49 Scale Mail Armor
51:41 Wheelbarrow
58:41 Horse Collar
68:01 Imperial Age
66:11 Husbandry
65:53 Elite Skirmisher
68:01 Bloodlines
67:13 Light Cavalry
69:15 Ballistics
69:57 Chemistry
71:10 Hand Cart
71:30 Padded Archer Armor
71:20 Fletching
72:08 Heavy Plow
72:58 Leather Archer Armor
72:38 Bodkin Arrow
72:51 Hussar
73:54 Bow Saw
75:53 Crop Rotation
79:29 Conscription
79:05 Gothikon
80:25 Arson
80:41 Squires
82:20 Murder Holes
82:31 Siege Engineers
83:54 Two-Man Saw
84:19 Blast Furnace
83:35 Chain Mail Armor
84:45 Elite Varangian Guard
88:29 Plate Mail Armor
89:35 Bracer
Connection lost

Rejoining the realm…

Still unreachable

The connection could not be restored.

Session expired

The server has moved on; the page needs a fresh start.